AoeStats
← 297539664

Arena

508914666Analyzed
4v4 RM · 8d ago on Sep 24, 2026· 39m 1s· 8 players
Game mode
Random Map
Map size
Large (8 player)
Population
200
Speed
Normal
Resources
Standard
Victory
Conquest
Starting age
Dark Age
Ending age
Imperial Age
RankedLock teamsTeams togetherTeam positionsShared explorationLock speedFull tech treeHidden civsTurbo modeCheats
Victory
Defeat
🇨🇳 Franks · China
1491
+11
🇭🇰 Danes · Hong Kong SAR China
1489
+12
🇦🇷 Franks · Argentina
1476
+12
🇨🇱 Mapuche · Chile
1378
+17
🇩🇪 Teutons · Germany
1416
-14
🇨🇳 Franks · China
1408
-14
🇨🇳 Varangians · China
1371
-12
🇨🇴 Wu · Colombia
1356
-12
[Odst] Sheppard
5:27 Loom
8:31 Feudal Age
8:59 Double-Bit Axe
11:09 Fletching
13:50 Horse Collar
24:03 Castle Age
25:47 Heavy Plow
25:58 Bow Saw
26:28 Wheelbarrow
25:59 Bodkin Arrow
28:15 Town Watch
28:29 Gold Mining
28:31 Stone Mining
33:31 Imperial Age
31:13 Guard Tower
32:01 Ballistics
35:02 Keep
35:28 Chemistry
35:11 Scale Mail Armor
35:22 Forging
35:09 Pikeman
35:52 Squires
36:19 Halberdier
[SICK] WhiteSun
11:25 Feudal Age
12:12 Double-Bit Axe
16:35 Castle Age
14:41 Gold Mining
15:05 Horse Collar
16:28 Forging
17:39 Scale Barding Armor
17:35 Scale Mail Armor
17:08 Man-at-Arms
17:51 Loom
18:11 Squires
17:51 Long Swordsman
22:06 Arson
25:15 Chain Mail Armor
26:40 Stone Mining
28:16 Gold Shaft Mining
28:19 Wheelbarrow
28:59 Iron Casting
28:34 Fletching
30:59 Bodkin Arrow
32:51 Ballistics
32:58 Town Watch
36:01 Imperial Age
34:11 Padded Archer Armor
34:27 Red Cliffs Tactics
34:25 Pikeman
37:08 Conscription
36:29 Halberdier
38:13 Plate Mail Armor
38:33 Bracer
40:08 Blast Furnace
Mick...
10:12 Feudal Age
14:06 Castle Age
12:00 Double-Bit Axe
22:29 Wheelbarrow
23:24 Bow Saw
23:00 Loom
24:42 Forging
24:33 Scale Mail Armor
27:17 Iron Casting
26:57 Chain Mail Armor
26:30 Arson
26:45 Squires
26:31 Gambesons
26:40 Gold Mining
27:01 Stone Mining
28:16 Hand Cart
28:49 Gold Shaft Mining
31:00 Imperial Age
32:49 Blast Furnace
32:19 Plate Mail Armor
32:14 Conscription
31:17 Elite Throwing Axeman
35:22 Chemistry
34:28 Siege Engineers
34:58 Scale Barding Armor
35:02 Husbandry
34:23 Cavalier
江哥
10:05 Feudal Age
13:41 Castle Age
11:37 Double-Bit Axe
12:17 Horse Collar
15:02 Bow Saw
23:04 Loom
23:57 Wheelbarrow
24:59 Heavy Plow
28:32 Imperial Age
25:49 Treadmill Crane
26:35 Town Watch
27:28 Pikeman
28:08 Squires
27:54 Gambesons
28:10 Scale Mail Armor
28:21 Forging
28:43 Halberdier
29:41 Chain Mail Armor
29:26 Gold Mining
30:41 Two-Man Saw
29:34 Stone Mining
30:22 Conscription
30:21 Hand Cart
31:02 Iron Casting
31:35 Plate Mail Armor
31:55 Stone Shaft Mining
32:31 Chemistry
33:08 Blast Furnace
33:12 Crop Rotation
32:34 Vendel Legacy
33:21 Scale Barding Armor
34:57 Bloodlines
34:47 Husbandry
36:17 Chain Barding Armor
LeosMind
11:01 Feudal Age
11:41 Loom
19:09 Castle Age
23:52 Fletching
36:10 Bodkin Arrow
38:49 Malon
39:44 Ballistics
Politox
11:22 Feudal Age
12:25 Loom
15:21 Castle Age
13:44 Double-Bit Axe
16:12 Bow Saw
17:07 Loom
22:59 Stone Mining
23:01 Gold Mining
24:21 Gold Shaft Mining
25:14 Wheelbarrow
29:17 Imperial Age
27:15 Hand Cart
27:41 Scale Barding Armor
27:47 Forging
27:46 Town Watch
27:48 Treadmill Crane
28:19 Masonry
28:49 Chain Barding Armor
29:02 Husbandry
29:49 Forging
29:20 Cavalier
30:37 Plate Barding Armor
31:10 Chemistry
30:41 Architecture
30:16 Siege Engineers
30:33 Ballistics
30:56 Coinage
30:38 Chivalry
30:59 Conscription
31:07 Forging
31:00 Paladin
32:46 Iron Casting
34:45 Blast Furnace
33:47 Light Cavalry
37:52 Banking
38:12 Fervor
pray4u
10:46 Feudal Age
11:52 Double-Bit Axe
14:30 Castle Age
12:22 Horse Collar
15:42 Bow Saw
15:46 Heavy Plow
17:49 Loom
21:04 Wheelbarrow
21:04 Stone Mining
22:31 Hand Cart
22:02 Loom
22:48 Gold Mining
23:07 Scale Mail Armor
26:01 Stone Shaft Mining
26:04 Gold Shaft Mining
29:42 Imperial Age
27:47 Fletching
28:18 Squires
28:04 Arson
28:38 Bodkin Arrow
28:44 Padded Archer Armor
29:44 Bloodlines
29:34 Husbandry
30:06 Ballistics
31:33 Chemistry
30:35 Bracer
30:31 Heavy Mounted Crossbowman
30:43 Cranequins
31:55 Leather Archer Armor
32:14 Conscription
34:51 Pikeman
36:05 Ring Archer Armor
35:46 Forging
35:52 Chain Mail Armor
36:02 Elite Jomsviking
37:11 Thumb Ring
36:54 Halberdier
36:57 Hamask
39:30 Plate Mail Armor
39:35 Iron Casting
297539664
10:25 Feudal Age
14:11 Castle Age
13:55 Double-Bit Axe
15:55 Bow Saw
30:00 Imperial Age
29:04 Scale Mail Armor
29:15 Forging
29:44 Wheelbarrow
30:49 Husbandry
30:09 Cavalier
30:51 Chivalry
31:12 Conscription
30:54 Gold Mining
31:52 Scale Barding Armor
32:22 Iron Casting
32:44 Gold Shaft Mining
31:59 Paladin
33:51 Chain Barding Armor
35:08 Blast Furnace
36:18 Plate Barding Armor
37:17 Elite Throwing Axeman
37:18 Ordonnance Companies
38:40 Chain Mail Armor
Connection lost

Rejoining the realm…

Still unreachable

The connection could not be restored.

Session expired

The server has moved on; the page needs a fresh start.